AoeStats
← R3aLPopado

Black Forest

507812846Analyzed
4v4 RM · 14d ago on Sep 19, 2026· 44m 35s· 8 players
Game mode
Random Map
Map size
Large (8 player)
Population
200
Speed
Normal
Resources
Standard
Victory
Conquest
Starting age
Dark Age
Ending age
Imperial Age
RankedLock teamsTeams togetherTeam positionsShared explorationLock speedFull tech treeHidden civsTurbo modeCheats
Victory
Defeat
🇪🇸 Maya · Spain
897
+16
🇬🇧 Goths · United Kingdom
894
+29
🇧🇷 Byzantines · Brazil
887
+17
🇧🇷 Romans · Brazil
820
+19
🇩🇪 Ethiopians · Germany
937
-27
🇭🇺 Bulgarians · Hungary
909
-18
🇿🇦 Persians · South Africa
897
-17
🇺🇸 Bohemians · United States
851
-15
Biscoitoso
0:42 Loom
12:33 Feudal Age
12:39 Man-at-Arms
13:21 Horse Collar
13:30 Double-Bit Axe
17:37 Fletching
21:26 Castle Age
19:54 Fletching
20:40 Padded Archer Armor
21:45 Forging
22:06 Scale Barding Armor
23:59 Leather Archer Armor
25:02 Elite Skirmisher
26:15 Fervor
27:31 Treadmill Crane
28:34 Stone Mining
28:39 Gold Mining
28:49 Bodkin Arrow
30:56 Wheelbarrow
31:08 Ballistics
31:43 Bow Saw
32:42 Squires
32:03 Pikeman
32:28 Arson
33:44 Heavy Plow
34:10 Fortified Wall
33:55 Murder Holes
37:55 Imperial Age
36:24 Stone Shaft Mining
36:10 Scale Mail Armor
37:22 Gold Shaft Mining
37:10 Hand Cart
38:06 Caravan
38:37 Coinage
40:01 Conscription
39:43 Greek Fire
40:15 Bracer
41:32 Two-Man Saw
41:04 Crop Rotation
42:22 Chemistry
41:59 Thumb Ring
41:15 Crossbowman
41:46 Gambesons
41:22 Long Swordsman
43:24 Husbandry
44:33 Iron Casting
44:18 Chain Barding Armor
44:53 Banking
44:33 Guilds
Don Balabush
0:29 Loom
13:34 Feudal Age
14:55 Double-Bit Axe
17:52 Castle Age
18:35 Horse Collar
19:09 Bow Saw
22:49 Man-at-Arms
23:54 Long Swordsman
26:12 Scale Mail Armor
26:50 Gold Mining
27:04 Husbandry
28:06 Squires
28:55 Chain Mail Armor
28:57 Heavy Plow
30:08 Stone Mining
30:18 Pikeman
31:18 Caravan
31:57 Wheelbarrow
34:08 Hand Cart
39:09 Imperial Age
36:55 Anarchy
37:36 Town Watch
38:05 Forging
39:27 Elite Huskarl
40:46 Iron Casting
40:23 Halberdier
41:08 Perfusion
42:13 Town Patrol
43:17 Blast Furnace
43:56 Crop Rotation
44:30 Two-Man Saw
Declan
0:34 Loom
12:21 Feudal Age
12:53 Double-Bit Axe
12:55 Horse Collar
15:22 Wheelbarrow
21:20 Castle Age
21:23 Gold Mining
21:27 Stone Mining
22:50 Hand Cart
30:56 Imperial Age
28:51 Arson
29:07 Squires
28:55 Eagle Warrior
30:10 Scale Mail Armor
30:50 Caravan
32:25 Conscription
34:01 Holcans
34:45 Heavy Plow
34:37 Elite Eagle Warrior
36:39 Chain Mail Armor
36:35 Forging
37:55 Crop Rotation
38:01 Plate Mail Armor
38:46 Iron Casting
40:18 Fletching
41:39 Blast Furnace
| LEON | SAPULHA
0:42 Loom
13:24 Feudal Age
18:47 Castle Age
17:15 Double-Bit Axe
17:12 Horse Collar
17:27 Gold Mining
19:00 Stone Mining
29:18 Wheelbarrow
33:32 Imperial Age
32:10 Heavy Plow
32:37 Bow Saw
32:52 Hand Cart
32:23 Town Watch
32:34 Pikeman
32:34 Man-at-Arms
33:16 Squires
33:31 Ballistas
34:29 Gold Shaft Mining
33:59 Heavy Scorpion
36:00 Comitatenses
35:33 Halberdier
35:33 Long Swordsman
35:40 Long Swordsman
35:49 Onager
38:45 Conscription
38:00 Legionary
41:02 Chemistry
40:13 Fortified Wall
42:17 Scale Mail Armor
42:28 Forging
44:51 Siege Engineers
45:08 Ballistics
R3aLPopado
13:43 Feudal Age
17:28 Double-Bit Axe
21:03 Castle Age
24:01 Horse Collar
27:46 Heavy Plow
28:00 Bow Saw
28:43 Wheelbarrow
31:31 Imperial Age
30:23 Fortified Wall
32:39 Chemistry
33:24 Ballistics
32:30 Pikeman
33:11 Squires
32:56 Arson
34:57 Forging
34:47 Scale Mail Armor
36:26 Hand Cart
36:49 Iron Casting
36:30 Chain Mail Armor
37:59 Town Watch
38:17 Halberdier
40:31 Blast Furnace
40:02 Plate Mail Armor
42:29 Town Patrol
M@xAttacks
1:29 Loom
13:30 Feudal Age
14:27 Double-Bit Axe
17:06 Castle Age
15:08 Fletching
15:39 Horse Collar
17:03 Padded Archer Armor
18:14 Bow Saw
18:26 Crossbowman
25:39 Bodkin Arrow
26:00 Leather Archer Armor
26:41 Gold Mining
26:53 Stone Mining
29:15 Wheelbarrow
30:14 Thumb Ring
30:19 Heavy Plow
31:56 Hand Cart
31:26 Town Watch
32:32 Ballistics
32:34 Royal Heirs
35:19 Imperial Age
35:02 Forging
34:57 Scale Barding Armor
35:26 Masonry
36:19 Gold Shaft Mining
37:06 Chemistry
36:09 Bracer
36:39 Ring Archer Armor
35:53 Arbalester
36:43 Town Patrol
37:03 Husbandry
38:30 Iron Casting
38:15 Chain Barding Armor
38:32 Architecture
39:29 Two-Man Saw
39:29 Heavy Camel Rider
43:25 Torsion Engines
43:48 Conscription
43:32 Light Cavalry
Terminor
0:28 Loom
11:20 Feudal Age
11:47 Double-Bit Axe
12:47 Horse Collar
17:44 Castle Age
18:55 Bow Saw
20:54 Heavy Plow
Link
0:33 Loom
11:40 Feudal Age
17:58 Castle Age
17:55 Horse Collar
18:08 Gold Mining
18:08 Stone Mining
18:12 Double-Bit Axe
26:53 Heavy Plow
26:47 Man-at-Arms
35:26 Gold Shaft Mining
35:26 Stone Shaft Mining
39:11 Imperial Age
39:06 Forging
39:02 Scale Barding Armor
40:57 Chemistry
40:24 Bloodlines
40:15 Husbandry
41:34 Conscription
41:24 Kamandaran
42:29 Crop Rotation
43:26 Crossbowman
44:11 Thumb Ring
44:03 Fletching
44:13 Padded Archer Armor
Connection lost

Rejoining the realm…

Still unreachable

The connection could not be restored.

Session expired

The server has moved on; the page needs a fresh start.